AoeStats
← Buco

Black Forest

505077845Analyzed
1v1 RM · 24d ago on Sep 7, 2026· 47m 31s· 2 players
Game mode
Random Map
Map size
Tiny (2 player)
Population
200
Speed
Normal
Resources
Standard
Victory
Conquest
Starting age
Dark Age
Ending age
Imperial Age
RankedLock teamsTeams togetherTeam positionsShared explorationLock speedFull tech treeHidden civsTurbo modeCheats
Victory
Defeat
🇸🇮 Mongols · Slovenia
1243
+16
🇺🇸 Bohemians · United States
1234
-16
TheEel
0:46 Loom
13:39 Feudal Age
13:54 Feudal Age
15:06 Double-Bit Axe
15:04 Horse Collar
17:52 Castle Age
18:15 Wheelbarrow
19:24 Bow Saw
19:16 Heavy Plow
19:33 Fervor
23:52 Redemption
26:30 Hand Cart
32:22 Imperial Age
30:10 Fletching
31:37 Chemistry
30:39 Padded Archer Armor
31:12 Bodkin Arrow
31:10 Pikeman
31:50 Squires
33:40 Siege Engineers
33:11 Elite Skirmisher
34:43 Conscription
34:25 Bracer
34:31 Town Watch
35:09 Leather Archer Armor
34:55 Scale Mail Armor
35:08 Halberdier
36:30 Wagenburg Tactics
38:02 Ring Archer Armor
37:49 Chain Mail Armor
37:45 Forging
40:36 Iron Casting
42:33 Plate Mail Armor
43:04 Blast Furnace
42:47 Ballistics
42:41 Masonry
42:25 Arson
46:02 Architecture
45:51 Houfnice
Buco
0:40 Loom
10:22 Feudal Age
12:01 Double-Bit Axe
14:42 Castle Age
14:48 Wheelbarrow
13:55 Horse Collar
16:38 Heavy Plow
18:25 Bow Saw
20:57 Stone Mining
22:56 Gold Mining
26:13 Gold Shaft Mining
28:44 Imperial Age
27:02 Hand Cart
26:52 Fletching
27:37 Bodkin Arrow
28:52 Onager
28:54 Capped Ram
29:56 Conscription
29:50 Padded Archer Armor
31:13 Chemistry
30:34 Ballistics
31:14 Siege Onager
32:14 Husbandry
32:30 Bracer
33:15 Drill
33:17 Bloodlines
32:28 Light Cavalry
34:15 Hussar
35:07 Siege Ram
36:21 Forging
36:17 Scale Barding Armor
38:00 Parthian Tactics
38:33 Iron Casting
38:18 Chain Barding Armor
38:59 Elite Mangudai
41:25 Blast Furnace
41:26 Stone Shaft Mining
41:36 Thumb Ring
Connection lost

Rejoining the realm…

Still unreachable

The connection could not be restored.

Session expired

The server has moved on; the page needs a fresh start.